 Dungeon Crawl Stone Soup version 0.30.1-4-g462c640d31 (webtiles) character file.

Game seed: 4434652742322178782

66 Buffagor the Slasher (level 4, -2/36 HPs)
             Began as a Barachi Fighter on Aug 23, 2023.
             Slain by a cerulean imp
             ... wielding a +4 spear
             ... summoned by Natasha
              (3 damage)
             ... on level 2 of the Dungeon.
             The game lasted 00:03:26 (1735 turns).

Buffagor the Slasher (Barachi Fighter)              Turns: 1735, Time: 00:03:27

Health: -2/36      AC:  6    Str: 19    XL:     4   Next: 15%
Magic:  4/4        EV: 14    Int:  8    God:
Gold:   176        SH:  4    Dex: 12    Spells: 3/3 levels left

rFire   + . .        a - +0 long sword
rCold   . . .        c - +0 buckler
rNeg    . . .        b - +0 scale mail
rPois   .            (no helmet)
rElec   .            (no cloak)
rCorr   .            (no gloves)
SInv    .            (no boots)
Will    .....        (no amulet) Stlth
                     h - +5 ring of evasion
HPRegen 0.26/turn    r - ring of protection from fire
MPRegen 0.09/turn

%: no passive effects
@: slowed, very slow
A: amphibious, slowness 1, strong legs 1, +LOS
a: Hop


You were on level 2 of the Dungeon.
You visited 1 branch of the dungeon, and saw 2 of its levels.

You collected 176 gold pieces.

Inventory:

Hand Weapons
 a - a +0 long sword (weapon)
Armour
 b - a +0 scale mail (worn)
 c - a +0 buckler (worn)
Jewellery
 h - a +5 ring of evasion (left hand)
 r - a ring of protection from fire (right hand)
 t - a ring of fire
Scrolls
 e - a scroll of enchant armour {unknown}
 i - 2 scrolls of immolation {unknown}
 j - a scroll of teleportation {unknown}
 k - a scroll of fog {unknown}
 o - 4 scrolls of identify {unknown}
 p - a scroll of poison {unknown}
 s - a scroll of amnesia {unknown}
Potions
 d - a potion of might
 f - a potion of flight {unknown}
 g - a potion of invisibility {unknown}
 l - a potion of resistance {unknown}
 m - a potion of attraction {unknown}
 n - a potion of heal wounds {unknown}


   Skills:
 - Level 3.6 Fighting
 + Level 5.2 Long Blades
 - Level 3.6 Armour
 - Level 3.2 Shields


You had 3 spell levels left.
You didn't know any spells.
Your spell library contained the following spells:

 Spells                   Type           Power      Damage    Failure   Level
 Blink                    Tloc           0%         N/A       94%         2
 Lesser Beckoning         Tloc           0%         N/A       94%         2
 Momentum Strike          Conj/Tloc      0%         3d8       94%         2


Dungeon Overview and Level Annotations

Branches:
Dungeon (2/15)

Altars:

Annotations:
D:2 Natasha


Innate Abilities, Weirdness & Mutations

You are amphibious.
You cover ground slowly.
You can hop short distances.
You have an extended range of vision and can be seen from far away.


Message History

You are too injured to fight recklessly!
You are too injured to fight recklessly!
You are too injured to fight recklessly!
You are too injured to fight recklessly!
You are too injured to fight recklessly!
You are too injured to fight recklessly!
You are too injured to fight recklessly!
Unknown command.
You barely miss Natasha. Natasha barely misses you.
You closely miss Natasha. Natasha casts a spell at you.
You feel yourself slow down.
You miss Natasha.
Natasha wildly gestures.
Natasha shimmers violently.
Natasha closely misses you. x2
You closely miss Natasha.
Natasha casts a spell.
You slash Natasha!
Natasha is heavily wounded.
Natasha stares at you and mumbles some strange words.
You resist with some effort. Natasha claws you!
The cerulean imp closely misses you.
You hit Natasha but do no damage.
Natasha is heavily wounded.
Natasha mumbles some strange words.
Natasha's front paws start to glow.
Natasha claws you.
* * * LOW HITPOINT WARNING * * *
The cerulean imp hits you but does no damage.
Natasha stares at you and mumbles some strange words.
The magic dart hits you.
* * * LOW HITPOINT WARNING * * *
You hit Natasha but do no damage.
Natasha is heavily wounded.
The cerulean imp hits you but does no damage.
Natasha claws you.
* * * LOW HITPOINT WARNING * * *
The cerulean imp hits you from afar with a +4 spear.
You die...

#.# #.......# ###........... #.#
#.......# #....#####.###
#.###.....†.########....#####.##
#...##.#.........#.'....'......##
###.##.#.#######.#.#....#####....
..#....#.# #.#.#....# ##.##
..######.# #.#.#....# #.# ..# #+#
#.#.###### #.# ### #@#.# #.# # .
#h#.# #.# #####.... #5#.# #.#
......... #.#.# #.# .########
#.#.# #.# ..######## #.#.# #.#
#......... #.#.# #.## #.#######.
#.#.# #... #.# #.#.# ####


You could see Natasha and a cerulean imp (summoned).

Vanquished Creatures
  An adder (D:2)
  A worm (D:2)
  A dart slug (D:1)
  3 orcs (D:2)
  3 bats
  6 endoplasms
  2 giant cockroaches (D:2)
  2 goblins (D:1)
  6 hobgoblins
  A jackal (D:2)
  3 quokkas
  3 ball pythons
  6 kobolds
  6 rats
44 creatures vanquished.

Notes
Turn   | Place    | Note
-------+----------+-------------------------------------------
     0 | D:1      | Buffagor the Barachi Fighter began the quest for the Orb.
     0 | D:1      | Reached XP level 1. HP: 18/18 MP: 1/1
    99 | D:1      | Reached skill level 3 in Long Blades
   152 | D:1      | Reached XP level 2. HP: 23/24 MP: 2/2
   499 | D:1      | Reached skill level 4 in Long Blades
   676 | D:1      | Reached XP level 3. HP: 29/29 MP: 3/3
  1292 | D:2      | Reached skill level 5 in Long Blades
  1292 | D:2      | Reached XP level 4. HP: 30/36 MP: 4/4
  1725 | D:2      | Noticed Natasha
  1735 | D:2      | HP: 1/36 [Natasha (4)]
  1735 | D:2      | Slain by a cerulean imp

Illustrated notes

Levels and vault maps discovered:
D:1:      ncdulo_watergridlock, layout_loops_cross
D:2:      layout_basic, minmay_pentomino_w2, uniq_natasha

Skill      XL: |  1  2  3 |
---------------+----------+-----
Long Blades    | 3 4 5 |  5.2
Fighting       | |  3.6
Armour         | |  3.6
Shields        | |  3.2

Action                     |  1- 3 |  4- 6 || total
---------------------------+-------+-------++-------
  Melee: Long sword        |   127 |    24 ||   151
  Throw: Stone             |    11 |     3 ||    14
         Dart              |    16 |       ||    16
 Armour: Scale mail        |    23 |     5 ||    28
  Dodge: Dodged            |    79 |    11 ||    90
  Block: Buckler           |    20 |     2 ||    22
